 Dungeon Crawl Stone Soup version 0.18.1-48-g4cf74bf (webtiles) character file.

28 ololoev the Firebug (level 2, -1/15 HPs)
             Began as a Deep Elf Fire Elementalist on July 26, 2016.
             Slain by an iguana (4 damage)
             ... on level 4 of the Dungeon.
             The game lasted 00:03:14 (375 turns).

ololoev the Firebug (Deep Elf Fire Elementalist)     Turns: 375, Time: 00:03:15

Health: -1/15      AC:  2    Str:  4 (5)  XL:     2   Next: 96%
Magic:  2/8        EV: 13    Int: 16 (19) God:
Gold:   53         SH:  0    Dex: 14 (17) Spells: 1 memorised, 6 levels left

rFire  . . .     SeeInvis .     (no weapon)
rCold  . . .     Gourm    .     a - +0 robe
rNeg   . . .     Faith    .     (no shield)
rPois  .         Spirit   .     (no helmet)
rElec  .         Dismiss  .     (no cloak)
rCorr  .         Reflect  .     (no gloves)
SustAt .         Harm     .     (no boots)
MR     .....                    (no amulet)
Stlth  ++........               (no ring)
                                m - +2 ring of dexterity

@: not resistant to hostile enchantments, unstealthy
A: no striking features
a: no special abilities

Inventory:

Missiles
 k - 5 javelins (quivered)
Armour
 a - a +0 robe (worn)
 i - a +0 cloak
Jewellery
 m - a +2 ring of dexterity (left hand)
Scrolls
 g - a scroll of fog {unknown}
 h - 2 scrolls of noise {unknown}
 l - 2 scrolls of blinking {unknown}
Potions
 d - a potion of cure mutation
 e - a potion of curing {unknown}
 j - a potion of agility {unknown}
Books
 b - a book of Flames

   Spells                             Type                      Level
   a - Flame Tongue                   Conjuration/Fire             1
   b - Throw Flame                    Conjuration/Fire             2
   c - Conjure Flame                  Conjuration/Fire             3
   d - Inner Flame                    Hexes/Fire                   3
   e - Sticky Flame                   Conjuration/Fire             4
   f - Fireball                       Conjuration/Fire             5
Comestibles
 c - 3 bread rations
 f - a meat ration


   Skills:
 - Level 2.4 Dodging
 - Level 2.4 Stealth
 + Level 3.1 Spellcasting
 * Level 2.6 Conjurations
 + Level 3.7 Fire Magic


You had 6 spell levels left.
You knew the following spells:

 Your Spells              Type           Power        Failure   Level  Hunger
a - Flame Tongue          Conj/Fire      ##...        8%          1    None


You were on level 4 of the Dungeon.
You were not hungry.

You visited 1 branch of the dungeon, and saw 4 of its levels.

You collected 53 gold pieces.

#########
#.......#
#[......#
######.....l@#
#............#
###.######..####
##.....##.w...##
#..............#
.................#
..(..............#
.................#
.................#

Notes
Turn   | Place    | Note
--------------------------------------------------------------
     0 | D:1      | ololoev the Deep Elf Fire Elementalist began the quest for the Orb.
     0 | D:1      | Reached XP level 1. HP: 10/10 MP: 6/6
   146 | D:2      | Reached XP level 2. HP: 15/15 MP: 5/8
   375 | D:4      | Slain by an iguana

Dungeon Overview and Level Annotations

Branches:
Dungeon (4/15)
 Temple: D:4-7

Altars:


Message History

Aiming: Flame Tongue
Press: ? - help, Shift-Dir - straight line, f - bat
Aim: a bat The flame tongue hits the bat.
You kill the bat!
Found a garnet ring.
Found a stone staircase leading down.
A rat comes into view.
Casting: Flame Tongue
Confirm with . or Enter, or press ? or * to list all spells.
Aiming: Flame Tongue
Press: ? - help, Shift-Dir - straight line, f - rat
Aim: a rat The flame tongue hits the rat.
You kill the rat!
Found a mace.
m - a garnet ring Put on which piece of jewellery? (? for menu, Esc to quit)
You feel agile.
m - a +2 ring of dexterity (left hand)
Found 9 arrows.
There is a stone staircase leading down here.
You climb downwards.
Found a leather armour.
There is a stone staircase leading up here.
A worm comes into view.
An iguana comes into view.
Found 21 stones.
The iguana hisses angrily.
Casting: Flame Tongue
Confirm with . or Enter, or press ? or * to list all spells.
Aiming: Flame Tongue
Press: ? - help, Shift-Dir - straight line, f - worm
Aim: a worm
Okay, then.
Found a glaive.
Found a scroll labeled JILU JEEQINUO.
There is a stone staircase leading up here.
Casting: Flame Tongue
Confirm with . or Enter, or press ? or * to list all spells.
Aiming: Flame Tongue
Press: ? - help, Shift-Dir - straight line, f - iguana
Aim: an iguana The flame tongue hits the iguana.
The iguana is moderately wounded.
The iguana misses you.
Casting: Flame Tongue
Confirm with . or Enter, or press ? or * to list all spells.
Aiming: Flame Tongue
Press: ? - help, Shift-Dir - straight line, f/p - iguana
Aim: an iguana (moderately wounded)
The flame tongue hits the iguana.
The iguana is heavily wounded.
The iguana closely misses you.
Casting: Flame Tongue
Confirm with . or Enter, or press ? or * to list all spells.
Aiming: Flame Tongue
Press: ? - help, Shift-Dir - straight line, f/p - iguana
Aim: an iguana (heavily wounded)
The flame tongue hits the iguana.
The iguana is heavily wounded.
The iguana closely misses you.
Casting: Flame Tongue
Confirm with . or Enter, or press ? or * to list all spells.
Aiming: Flame Tongue
Press: ? - help, Shift-Dir - straight line, f/p - iguana
Aim: an iguana (heavily wounded)
The flame tongue hits the iguana.
The iguana appears unharmed.
The iguana is heavily wounded.
The iguana bites you!
Ouch! That really hurt!
Casting: Flame Tongue
Confirm with . or Enter, or press ? or * to list all spells.
Aiming: Flame Tongue
Press: ? - help, Shift-Dir - straight line, f/p - iguana
Aim: an iguana (heavily wounded)
The flame tongue hits the iguana.
The iguana is almost dead.
The iguana bites you.
You die...

You could see a worm and an iguana.

Vanquished Creatures
  An adder (D:2)
  A dart slug (D:3)
  A giant gecko (D:2)
  A giant cockroach (D:1)
  4 hobgoblins
  A quokka (D:2)
  3 bats
  A giant newt (D:2)
  A goblin (D:1)
  2 rats
16 creatures vanquished.

Action                   || total
-------------------------++-------
Melee: Unarmed           ||     5
 Cast: Flame Tongue      ||    33
  Use: Potion            ||     4
Armor: Robe              ||     2
       Skin              ||     7
Dodge: Dodged            ||    11

Vault maps used:
D:1:      minmay_arrival_hallway, roderic_bipointed_swastika
D:3:      forest_paths
D:4:      kennysheep_the_goblin_king, zin_statuary, first_bread,
          grunt_decor_cap, uniq_natasha, uniq_sigmund
